 Dungeon Crawl Stone Soup version 0.30-a0-605-gb2882149bf (webtiles) character file.

Game seed: 2246926932277780074

9 cforsyth the Sneak (level 2, 16/24 HPs)
             Began as a Demonspawn Delver on Jan 8, 2023.
             Quit the game on level 5 of the Dungeon.
             The game lasted 00:01:07 (25 turns).

cforsyth the Sneak (Demonspawn Delver)                Turns: 25, Time: 00:01:08

Health: 16/24      AC:  3    Str: 12    XL:     2   Next: 3%
Magic:  2/2        EV: 12    Int: 11    God:
Gold:   0          SH:  0    Dex: 14    Spells: 1/1 levels left

rFire   . . .      SeeInvis .    a - +0 falchion
rCold   . . .      Faith    .    (no shield)
rNeg    . . .      Spirit   .    b - +0 leather armour
rPois   .          Reflect  .    (no helmet)
rElec   .          Harm     .    (no cloak)
rCorr   .          Rampage  .    (no gloves)
Will    .....                    (no boots)
Stlth   ++                       (no amulet)
HPRegen 0.24/turn                (no ring)
MPRegen 0.08/turn                (no ring)

@: mildly poisoned (16 -> 15)
A: weakness stinger 1
a: no special abilities


You were on level 5 of the Dungeon.
You visited 1 branch of the dungeon, and saw 3 of its levels.

Inventory:

Hand Weapons
 a - a +0 falchion (weapon)
Armour
 b - a +0 leather armour (worn)
Wands
 g - a wand of digging (3)
Scrolls
 c - a scroll of fog
 d - a scroll of magic mapping
 e - a scroll of fear
Potions
 f - a potion of haste


   Skills:
 + Level 3.3 Fighting
 - Level 1.7 Long Blades
 + Level 2.1 Dodging
 - Level 4.5 Stealth


You had one spell level left.
You didn't know any spells.
Your spell library was empty.

Dungeon Overview and Level Annotations

Branches:
Dungeon (6/15)
 Temple: D:4-7

Altars:


Innate Abilities, Weirdness & Mutations

You have a small tail.


Message History

Welcome, cforsyth the Demonspawn Delver.
Everyone else who sought the Orb of Zot has failed.
Will you be different?
Press ? for a list of commands and other information.
Found a stone staircase leading down and a stone staircase leading up.
You climb downwards.
There is a stone staircase leading up here.
You climb upwards.
There is a stone staircase leading down here.
There is a stone staircase leading up here.
You climb upwards.
Found 3 stones.
There is a stone staircase leading down here.
Unknown command.
Unknown command.
The iguana hisses angrily.
The adder hisses angrily.
You can't go up here!
The adder bites you. The adder bites you but does no damage.
You climb downwards.
There is a stone staircase leading up here.
You barely miss the adder. The adder barely misses you.
You miss the adder. The adder closely misses you. The adder bites you.
You are poisoned.
The adder poisons you!
You hit the adder.
The adder is severely wounded.
You feel sick. The adder bites you. The adder closely misses you.
You slash the adder!
You kill the adder!
You feel sick.
Your Dodging skill increases to level 2!
You have reached level 2!
Your demonic ancestry asserts itself...
You grow a small tail.
Are you sure you want to abandon this character and quit the game? (Confirm with "yes".)

.# #.# #..#
#..# #..# #...
#..## #..>##
#...@#
#....†.#
#.........#
#............
#..........###
#....###....#
...## ....#
... .....


There were no monsters in sight!

Vanquished Creatures
  An adder (D:5)
1 creature vanquished.

Notes
Turn   | Place    | Note
-------+----------+-------------------------------------------
     0 | D:5      | cforsyth the Demonspawn Delver began the quest for the Orb.
     0 | D:5      | Reached XP level 1. HP: 18/18 MP: 1/1
     6 | D:4      | Noticed an iguana
    25 | D:5      | Gained mutation: You have a small tail. [demonic ancestry]
    25 | D:5      | Reached XP level 2. HP: 16/24 MP: 2/2
    25 | D:5      | Quit the game

Illustrated notes

Levels and vault maps discovered:
D:4:      layout_cave_pools, nicolae_ru_sacrificial_ziggurat,
          minmay_temple_entry_oklob, uniq_eustachio
D:5:      wad_pebble_path, layout_layer_cave, evilmike_ruin_ashenzari,
          serial_shops, nicolae_shop_bloodbath_and_beyond
D:6:      layout_gridville, mainiacjoe_overflow_cross_hatched,
          kennysheep_big_empty_room, uniq_prince_ribbit1

Skill      XL: |  1 |
---------------+----+-----
Dodging        | 2 |  2.1
Fighting       | |  3.3
Long Blades    | |  1.7
Stealth        | |  4.5

Action                   || total
-------------------------++-------
Melee: Falchion          ||     4
Armor: Leather armour    ||     1
Dodge: Dodged            ||     3

Table legend: (Time is in decaauts)
 A = Elapsed time spent in this place.
 B = Non-inter-level travel time spent in this place.
 C = Inter-level travel time spent in this place.
 D = Time resting spent in this place.
 E = Time spent auto-exploring this place.
 F = Levels seen in this place.
 G = Mean time per level.
                   A        B        C        D        E       F      G
               +--------+--------+--------+--------+--------+-----+--------+
         Total |     26 |     26 |      0 |      0 |      0 |   3 |    8.7 |
       Dungeon |     26 |     26 |      0 |      0 |      0 |   3 |    8.7 |
               +--------+--------+--------+--------+--------+-----+--------+

Top non-repeatable levels by time:
     D:4: 13 daAuts
     D:5: 11 daAuts
     D:6: 1 daAuts
